Map: Seeds of Aiur

Players

zal

  • Race: Zerg Zerg
  • League: Platinum
  • Spawn Location: 7:00

Lupus

  • Race: Terran Terran
  • Spawn Location: 7:00

sryinoob - Winner!

  • Race: Protoss Protoss
  • Spawn Location: 1:00

ILIEKEGGPIE - Winner!

  • Race: Terran Terran
  • League: Platinum
  • Spawn Location: 1:00

VOD

Have the link to the VOD?

Description

Time

  • Played on: June 10, 2018, 8:14 p.m.
  • Length: 17:18
Show
View Real Time Build Order
Export as new Build Order

zal Zerg 

Build Orders: Pool First 

Get SALT Encoding   

  12  0:01  Drone  
  13  0:13  Overlord  
  13  0:20  Drone  
  14  0:32  Drone  
  14  0:34  Drone  
  16  0:44  Spawning Pool  
  16  0:47  Drone  
  16  0:54  Drone  
  17  1:15  Hatchery  
  17  1:16  Drone  
  17  1:23  Drone  
  18  1:26  Extractor  
  18  1:32  Queen  
  19  1:54  Hatchery  
  19  1:56  Drone  
  19  1:59  Drone  
  20  2:03  Drone  
  21  2:17  Drone  
  22  2:24  Roach Warren  
  22  2:26  Drone  
  22  2:30  Overlord  
  22  2:37  Queen  
  24  2:46  Spine Crawler  
  23  3:03  Queen  
  25  3:09  Roach x3  
  30  3:27  Queen  
  32  3:35  Lair  
  32  3:47  Drone  
  32  3:48  Drone x2  
  35  4:02  Drone  
  36  4:04  Drone x4  
  40  4:11  Overlord  
  40  4:25  Drone x2  
  40  4:28  Extractor  
  40  4:29  Overlord  
  40  4:30  Extractor  
  40  4:32  Drone  
  40  4:35  Roach  
  43  4:44  Hydralisk Den  
  42  4:52  Queen  
  44  5:08  Spore Crawler  
  43  5:15  Grooved Spines  
  43  5:17  Drone x3  
  43  5:18  Drone  
  43  5:19  Drone x2  
  43  5:20  Spore Crawler  
  48  5:28  Drone x2  
  48  5:29  Extractor  
  48  5:32  Drone x4  
  48  5:33  Drone  
  54  5:52  Hydralisk x2  
  54  5:54  Overlord x2  
  58  5:58  Overlord  
  58  6:18  Hydralisk  
  58  6:19  Hydralisk x4  
  58  6:22  Overlord  
  65  6:42  Drone x2  
  65  6:43  Drone  
  64  7:13  Hydralisk x5  
  74  7:15  Overlord x2  
  74  7:16  Overlord  
  74  7:23  Overlord x2  
  74  7:25  Spore Crawler  
  74  7:28  Spore Crawler  
  72  7:32  Queen  
  74  7:39  Spore Crawler  
  73  7:44  Extractor  
  73  7:45  Drone x3  
  73  7:46  Drone  
  73  7:47  Extractor  
  75  7:55  Drone x2  
  75  7:56  Drone x2  
  79  7:58  Hydralisk x2  
  83  8:08  Drone x3  
  83  8:10  Drone x3  
  89  8:21  Drone x4  
  89  8:22  Drone  
  94  8:43  Hydralisk  
  94  8:44  Roach x3, Hydralisk x2  
  94  8:45  Roach  
  108  9:00  Drone x3  
  111  9:03  Spine Crawler  
  111  9:04  Spine Crawler  
  111  9:05  Spine Crawler, Hydralisk x2  
  106  9:47  Roach x2, Hydralisk x2  
  106  9:49  Overlord  
  106  9:50  Overlord  
  114  10:02  Overlord x4  
  114  10:10  Hatchery  
  114  10:12  Spore Crawler x2  
  111  10:23  Infestation Pit, Muscular Augments  
  111  10:24  Spire  
  109  10:31  Hydralisk x4  
  117  10:43  Drone x2  
  119  11:01  Evolution Chamber x2  
  105  11:23  Pathogen Glands  
  105  11:26  Hive  
  105  11:28  Zerg Missile Weapons Level 1  
  105  11:29  Zerg Ground Armor Level 1  
  105  11:31  Drone  
  106  11:34  Drone x5  
  106  11:35  Drone x8  
  119  11:51  Extractor  
  119  11:52  Extractor  
  117  12:00  Overlord x2, Spore Crawler  
  116  12:01  Overseer x2  
  116  12:10  Spore Crawler  
  116  12:12  Spine Crawler  
  116  12:13  Drone x3  
  116  12:14  Drone x4  
  121  12:29  Infestor x6  
  131  12:30  Infestor x3  
  131  12:35  Burrow  
  139  12:38  Drone x3  
  139  12:39  Drone x2  
  139  12:40  Drone  
  124  13:27  Spore Crawler  
  124  13:28  Drone x5  
  124  13:29  Drone x3  
  124  13:30  Spine Crawler, Queen  
  132  13:41  Zerg Ground Armor Level 2, Zerg Missile Weapons Level 2  
  132  13:46  Neural Parasite  
  132  13:49  Greater Spire  
  132  13:54  Corruptor x5  
  132  13:55  Corruptor x3  
  148  14:10  Corruptor x6  
  160  14:23  Ultralisk Cavern  
  159  14:27  Drone x3  
  159  14:28  Drone x4  
  166  14:41  Corruptor x5  
  176  14:49  Infestor, Corruptor x2  
  176  14:50  Infestor  
  180  14:58  Overseer x2  
  126  15:45  Corruptor  
  126  15:46  Corruptor x5  
  126  15:47  Corruptor x6  
  124  16:08  Infestor x3  
  124  16:09  Infestor x5  
  126  16:29  Infestor x3  
Show
View Real Time Build Order
Export as new Build Order

Lupus Terran 

Build Orders: Cyclone Opening 

Get SALT Encoding   

  12  0:01  SCV  
  13  0:13  SCV  
  14  0:23  Supply Depot  
  14  0:25  SCV  
  15  0:29  Refinery  
  15  0:44  SCV  
  15  0:46  Barracks  
  16  0:56  SCV  
  17  1:08  SCV  
  18  1:20  SCV  
  19  1:33  Orbital Command  
  19  1:35  Reaper  
  20  1:50  Factory  
  20  1:57  Refinery  
  20  2:02  Supply Depot  
  20  2:03  SCV  
  21  2:16  Command Center  
  21  2:28  Barracks Reactor  
  21  2:41  Cyclone  
  21  2:42  SCV  
  24  2:49  Supply Depot  
  24  2:54  Bunker, SCV  
  25  3:05  Marine x2  
  25  3:06  SCV  
  28  3:13  Cyclone  
  31  3:33  Marine x2  
  33  3:36  Orbital Command  
  33  3:38  SCV  
  34  3:48  Barracks x2  
  34  3:58  Marine x2  
  34  4:00  Factory Tech Lab  
  36  4:09  SCV x2  
  38  4:15  Marine  
  38  4:16  Marine  
  40  4:21  Starport  
  40  4:22  SCV x2  
  42  4:26  Refinery  
  42  4:34  Supply Depot  
  39  4:51  Marine x2  
  41  4:55  Cyclone  
  41  4:58  Marine  
  43  5:08  Marine  
  43  5:09  Marine  
  43  5:12  Engineering Bay  
  43  5:13  Barracks Tech Lab  
  44  5:17  Viking  
  46  5:26  Marine x2  
  48  5:55  Command Center  
  48  6:05  Combat Shields  
  48  6:07  Barracks Tech Lab  
  48  6:11  Terran Infantry Weapons Level 1  
  48  6:15  Starport Reactor  
  45  6:57  Marine x2  
  47  7:06  Marine x2  
  47  7:07  Viking x2  
  53  7:13  Supply Depot  
  53  7:14  Supply Depot  
  53  7:15  Marine x2  
  54  7:18  SCV  
  56  7:24  Marine  
  57  7:33  Marine x2  
  57  7:37  Viking  
  61  7:41  Orbital Command  
  61  7:50  Medivac  
  63  7:56  SCV  
  64  8:05  Terran Infantry Armor Level 1  
  64  8:06  SCV  
  64  8:07  Medivac  
  67  8:18  SCV  
  67  8:19  Concussive Shells, Stimpack  
  68  8:20  Marine x4  
  72  8:30  SCV x2  
  74  8:38  Marine  
  74  8:40  Marine x3  
  78  8:42  Siege Tank, SCV  
  82  8:48  Refinery  
  72  8:56  Marine  
  72  8:57  Marine  
  61  9:25  Medivac  
  61  9:26  Medivac  
  64  9:55  Command Center, Viking  
  64  9:56  Viking  
  68  10:03  Command Center, SCV x2  
  70  10:15  SCV x2  
  72  10:21  Refinery  
  72  10:25  Viking  
  72  10:26  Armory  
  72  10:27  SCV  
  72  10:28  SCV  
  76  10:39  Marine x3, SCV  
  76  10:40  Marauder, SCV  
  83  10:45  Siege Tank  
  83  10:47  Medivac  
  88  10:55  Medivac  
  90  10:57  Marine  
  90  10:58  Marauder  
  93  11:09  Marine  
  94  11:14  SCV  
  94  11:15  Marauder, Marine, SCV  
  94  11:17  Medivac  
  102  11:19  Marauder  
  103  11:26  SCV  
  103  11:28  Marine  
  103  11:30  Terran Infantry Weapons Level 2  
  105  11:33  Marine  
  105  11:35  Marine  
  105  11:36  Engineering Bay  
  105  11:38  Orbital Command  
  107  11:48  Supply Depot  
  107  11:56  SCV x2  
  109  12:08  SCV, Viking  
  109  12:09  Viking  
  109  12:11  SCV x2  
  109  12:13  Supply Depot  
  109  12:14  Supply Depot  
  116  12:17  Barracks  
  116  12:18  Barracks x2  
  116  12:20  SCV  
  116  12:21  Marine x2  
  116  12:22  Marine  
  119  12:23  SCV x2  
  119  12:27  Terran Ship Weapons Level 1  
  122  12:33  Terran Infantry Armor Level 2  
  122  12:35  SCV  
  122  12:36  SCV  
  124  12:38  Viking  
  126  12:46  Supply Depot  
  121  13:19  Refinery  
  121  13:21  Refinery, Barracks Tech Lab  
  121  13:22  Barracks Reactor x2  
  121  13:32  SCV x3  
  124  13:44  SCV  
  124  13:47  Marine x3  
  124  13:48  Marauder, Marine  
  131  13:50  Thor  
  137  14:04  Marine  
  137  14:05  Liberator  
  137  14:06  Liberator, Marine  
  137  14:07  Marauder x2, Marine x4  
  147  14:11  Terran Infantry Weapons Level 3  
  147  14:16  Starport  
  147  14:19  Supply Depot  
  147  14:20  Marine  
  147  14:22  Marine  
  147  14:23  Supply Depot  
  155  14:24  Marine x2  
  155  14:29  Supply Depot x2  
  157  14:40  Marauder, Marine x2, SCV  
  159  14:47  Marine x2  
  159  14:48  Liberator  
  159  14:50  SCV x2  
  159  14:52  SCV  
  164  14:55  Starport Tech Lab  
  164  14:57  Command Center  
  164  15:02  SCV x2  
  164  15:04  SCV  
  131  15:42  Medivac  
  133  15:43  Marauder, Marine  
  133  15:44  Marine x2  
  133  15:45  Marauder, Marine x3  
  133  15:46  Marauder  
  145  16:01  Marine  
  146  16:05  Marauder  
  129  16:12  Medivac  
  100  16:24  Marine  
  100  16:25  Marauder, Marine x5  
  88  16:26  Marine x2  
  88  16:29  Thor  
  99  16:35  Orbital Command  
  99  16:42  Medivac, Marine x2  
  99  16:43  Marine x4  
  99  16:44  Marauder, Marine  
Show
View Real Time Build Order
Export as new Build Order

sryinoob Protoss - Winner!

Build Orders:  

Get SALT Encoding   

  12  0:01  Probe  
  13  0:13  Probe  
  14  0:26  Probe  
  15  0:31  Pylon  
  15  0:42  Assimilator  
  15  0:47  Assimilator  
  15  0:49  Probe  
  16  0:59  Probe  
  16  1:02  Gateway  
  17  1:07  Probe  
  18  1:15  Probe  
  18  1:21  Pylon  
  19  1:27  Probe  
  20  1:32  Pylon  
  20  1:35  Probe  
  21  1:43  Probe  
  21  1:50  Cybernetics Core  
  21  1:53  Probe  
  23  2:14  Forge  
  23  2:17  Pylon  
  23  2:22  Probe  
  24  2:34  Probe  
  24  2:36  Stargate  
  25  2:37  Stargate  
  25  2:57  Photon Cannon  
  25  3:00  Photon Cannon  
  25  3:09  Void Ray  
  25  3:13  Void Ray  
  33  3:52  Void Ray  
  37  4:04  Void Ray  
  41  4:23  Pylon  
  41  4:24  Pylon  
  41  4:31  Pylon  
  41  4:35  Void Ray  
  45  4:56  Void Ray  
  49  5:23  Nexus  
  49  5:26  Assimilator  
  49  5:39  Void Ray  
  53  5:59  Void Ray  
  57  6:22  Probe  
  58  6:34  Probe  
  59  6:46  Probe  
  60  6:58  Probe  
  61  7:03  Void Ray x2  
  69  7:11  Probe  
  69  7:12  Probe  
  71  7:23  Probe  
  71  7:24  Probe  
  71  7:26  Fleet Beacon  
  73  7:33  Pylon  
  73  7:35  Probe  
  73  7:36  Probe  
  75  7:37  Pylon  
  75  7:40  Pylon  
  75  7:44  Assimilator  
  75  7:47  Probe  
  75  7:48  Probe  
  77  7:54  Protoss Air Weapons Level 1  
  77  7:59  Probe  
  77  8:00  Probe  
  79  8:10  Photon Cannon  
  79  8:11  Probe, Photon Cannon  
  80  8:13  Probe  
  81  8:25  Probe x2  
  83  8:32  Carrier  
  89  8:37  Probe x2  
  59  9:21  Carrier  
  65  9:35  Protoss Air Weapons Level 2  
  65  9:46  Graviton Catapult  
  65  9:57  Carrier  
  71  10:19  Nexus  
  71  10:24  Pylon  
  71  10:27  Pylon  
  71  10:30  Pylon  
  71  10:33  Assimilator  
  71  10:38  Assimilator  
  71  10:44  Pylon  
  71  10:47  Carrier  
  77  10:50  Stargate  
  77  11:00  Photon Cannon  
  77  11:02  Photon Cannon  
  77  11:06  Shield Battery  
  77  11:10  Shield Battery  
  77  11:19  Photon Cannon  
  77  11:24  Carrier  
  83  11:29  Protoss Air Weapons Level 3  
  83  11:33  Carrier  
  89  11:58  Probe  
  90  12:10  Probe  
  90  12:12  Carrier  
  97  12:18  Mothership  
  97  12:19  Probe  
  97  12:27  Probe  
  107  12:37  Probe  
  108  12:49  Probe  
  109  12:53  Photon Cannon  
  109  12:54  Photon Cannon  
  109  12:58  Shield Battery  
  109  13:03  Pylon  
  109  13:05  Shield Battery  
  109  13:09  Carrier  
  115  13:19  Carrier  
  121  13:46  Carrier  
  127  13:53  Protoss Shields Level 1  
  127  14:04  Protoss Air Armor Level 1  
  127  14:35  Carrier  
  133  14:45  Carrier  
  139  15:11  Carrier  
Show
View Real Time Build Order
Export as new Build Order

ILIEKEGGPIE Terran - Winner!

Build Orders: MMM Bio 

Get SALT Encoding   

  12  0:01  SCV  
  13  0:13  SCV  
  14  0:18  Supply Depot  
  14  0:42  Refinery  
  14  0:44  SCV  
  15  0:54  Barracks  
  15  1:01  Barracks  
  16  1:04  SCV  
  16  1:16  SCV  
  17  1:21  Refinery  
  17  1:28  SCV  
  18  1:40  Supply Depot, SCV  
  18  1:43  Reaper  
  20  1:52  Reaper, SCV  
  22  2:15  Reaper  
  24  2:23  Orbital Command  
  24  2:24  Reaper  
  24  2:47  Reaper  
  25  2:53  Barracks  
  25  3:00  Supply Depot  
  23  3:23  Reaper x2  
  25  3:31  Factory  
  22  4:02  SCV  
  23  4:14  SCV, Barracks Tech Lab  
  23  4:16  Barracks  
  24  4:21  Factory Reactor  
  24  4:22  Starport  
  24  4:26  SCV  
  25  4:39  Stimpack  
  25  4:41  Supply Depot  
  25  5:06  Command Center  
  25  5:07  Barracks Reactor  
  25  5:11  Barracks Reactor  
  25  5:14  SCV  
  25  5:16  Barracks Reactor  
  26  5:26  SCV  
  27  5:32  Command Center  
  27  5:34  Engineering Bay  
  27  5:35  Engineering Bay  
  25  5:38  Marine  
  25  5:39  SCV  
  27  5:44  Factory Tech Lab  
  27  5:48  Marine x3  
  27  5:49  Marine  
  31  5:53  Marine x2  
  33  6:07  Marine x2  
  33  6:09  Marauder  
  33  6:10  Medivac x2  
  41  6:18  Supply Depot  
  41  6:19  Supply Depot  
  41  6:22  Terran Infantry Weapons Level 1, Terran Infantry Armor Level 1  
  41  6:35  Marine x3  
  41  6:37  Marauder  
  46  6:40  SCV  
  47  6:48  Orbital Command  
  47  6:52  SCV  
  48  6:58  Marauder, Marine x2  
  52  7:05  SCV  
  53  7:09  Armory  
  53  7:16  Marine x2  
  53  7:17  SCV  
  53  7:18  Marine  
  53  7:22  Marine x2  
  59  7:38  Marine x2  
  59  7:39  Marine x2  
  59  7:40  Marauder  
  65  7:46  SCV  
  65  7:49  Medivac x2  
  70  7:52  SCV  
  71  7:58  Supply Depot, SCV  
  71  8:00  Marine x2  
  71  8:03  Marine x2  
  71  8:04  SCV  
  77  8:14  Supply Depot  
  77  8:15  Marine  
  78  8:20  Marine x2  
  80  8:27  Combat Shields  
  80  8:36  Supply Depot  
  80  8:39  Marine x3  
  80  8:40  Marine x3  
  86  8:45  Barracks  
  86  8:47  Barracks  
  86  9:08  SCV x2  
  88  9:11  Refinery  
  88  9:13  Marine  
  88  9:14  Marine x3  
  88  9:16  Refinery, Medivac x2  
  96  9:23  Terran Infantry Weapons Level 2  
  96  9:24  Terran Infantry Armor Level 2  
  88  9:46  Concussive Shells  
  88  9:59  Barracks Reactor  
  88  10:01  Barracks Tech Lab  
  88  10:05  Barracks  
  88  10:07  Barracks  
  88  10:18  SCV x2  
  90  10:24  Supply Depot  
  90  10:25  Supply Depot  
  90  10:30  SCV x2  
  90  10:35  Supply Depot  
  92  10:36  Marauder x2, Marine x3  
  92  10:37  Medivac  
  92  10:42  SCV  
  102  10:45  Medivac, SCV  
  102  10:47  Supply Depot  
  105  10:52  Supply Depot  
  105  10:54  SCV  
  106  10:57  Marauder x2  
  106  10:58  SCV  
  98  11:06  SCV  
  98  11:18  Marine x4  
  100  11:19  Marauder x2, Marine x3  
  100  11:20  Medivac x2  
  113  11:37  Marine x3  
  116  11:40  Marauder x2  
  120  11:47  Starport  
  120  11:49  Command Center  
  120  11:50  Medivac x2  
  124  12:20  Medivac  
  126  12:24  Marine  
  126  12:25  Marauder, Marine x3  
  126  12:26  Marauder, Medivac, Marine  
  137  12:31  SCV x2  
  139  12:43  SCV x2  
  141  12:47  Marauder  
  141  12:50  Medivac  
  91  13:13  Marine x3  
  91  13:14  Marauder x2, Marine x2  
  91  13:15  Medivac  
  102  13:20  Medivac  
  102  13:24  Marine x3  
  102  13:25  Starport Reactor  
  107  13:29  Orbital Command  
  107  13:35  Marauder x2  
  111  13:56  Marauder, SCV x3  
  111  13:57  Refinery  
  111  14:00  Marine x3  
  111  14:01  Refinery, Marine x5  
  111  14:02  Medivac x2  
  128  14:08  SCV x2  
  128  14:09  Terran Infantry Weapons Level 3  
  132  14:12  Terran Infantry Armor Level 3  
  130  14:31  Terran Vehicle And Ship Armor Level 1  
  130  14:32  Marine  
  130  14:33  Marine x9  
  140  14:43  Supply Depot  
  140  14:47  Supply Depot  
  140  14:50  Marine  
  140  14:51  Marine x9  
  150  15:07  Supply Depot  
  150  15:08  Marine  
  150  15:09  Marine  
  150  15:11  Supply Depot  
  150  15:18  Marine x2  
  150  15:19  Marine x3  
  150  15:20  Marauder x2, Marine  
  157  15:26  Marine  
  101  15:38  Marine x2  
  101  15:39  Marine x4  
  101  15:41  Marauder x2  
  101  15:42  Marine  
  102  15:43  Medivac x2  
  102  15:44  Medivac x2, Marine  
  111  15:56  Marine x2  
  113  16:02  Marauder x2  
  117  16:16  Marine x5  
  117  16:17  Medivac  
  117  16:18  Medivac x3  
  130  16:24  Marauder x2  
  134  16:45  Marauder x2  
  138  16:54  Command Center  
Tags
 
Add a new tag
Caveats
  • Supply blocks, unpowered buildings, or Contaminate may cause inaccurate times.
  • Supply counts are checked every 10 seconds.